 Dungeon Crawl Stone Soup version 0.30.0-29-ga12c61a403 (webtiles) character file.

Game seed: 9583287077431841387

43 ChadusMaximus the Caller (level 3, -12/24 HPs)
             Began as a Human Summoner on June 10, 2023.
             Killed from afar by Ijyb (15 damage)
             ... with a bolt of light
             ... on level 3 of the Dungeon.
             The game lasted 00:03:00 (1644 turns).

ChadusMaximus the Caller (Human Summoner)           Turns: 1644, Time: 00:03:01

Health: -12/24     AC:  4    Str:  8    XL:     3   Next: 82%
Magic:  2/7        EV: 17    Int: 17    God:
Gold:   80         SH:  0    Dex: 13    Spells: 1/7 levels left

rFire   . . .        c - +0 mace
rCold   . . .        (no shield)
rNeg    . . .        a - +0 robe
rPois   .            n - +0 helmet
rElec   .            e - +0 cloak
rCorr   .            (no gloves)
SInv    .            (no boots)
Will    .....        (no amulet)
Stlth   ++           p - +5 ring of evasion
HPRegen 0.24/turn    (no ring)
MPRegen 0.10/turn

%: no passive effects
@: no status effects
A: no striking features
a: no special abilities


You were on level 3 of the Dungeon.
You visited 1 branch of the dungeon, and saw 3 of its levels.

You collected 80 gold pieces.

Inventory:

Hand Weapons
 c - a +0 mace (weapon)
Armour
 a - a +0 robe (worn)
 e - a +0 cloak (worn)
 n - a +0 helmet (worn)
Jewellery
 m - a ring of ice
 p - a +5 ring of evasion (left hand)
Scrolls
 d - a scroll of enchant weapon
 f - a scroll of noise
 g - 2 scrolls of identify
 j - a scroll of torment {unknown}
 k - a scroll of blinking {unknown}
 l - a scroll of fog {unknown}
 q - 2 scrolls of enchant armour {unknown}
Potions
 b - a potion of magic
 h - 2 potions of degeneration {unknown}
 i - a potion of ambrosia {unknown}
 o - a potion of invisibility {unknown}


   Skills:
 - Level 2.0 Dodging
 - Level 2.0 Stealth
 + Level 2.8 Spellcasting
 * Level 4.7 Summonings


You had one spell level left.
You knew the following spells:

 Your Spells              Type           Power      Damage    Failure   Level
a - Summon Small Mammal   Summ           72%        N/A       2%          1
b - Call Canine Familiar  Summ           18%        N/A       8%          3
c - Call Imp              Summ           36%        N/A       3%          2

Your spell library contained the following spells:

 Spells                   Type           Power      Damage    Failure   Level
 Apportation              Tloc           4%         N/A       19%         1
 Necrotise                Necr           8%         1d4       19%         1
 Summon Guardian Golem    Hex/Summ       10%        N/A       21%         3
 Portal Projectile        Hex/Tloc       4%         N/A       47%         3
 Summon Lightning Spire   Summ/Air       10%        N/A       56%         4
 Leda's Liquefaction      Hex/Erth       1%         N/A       87%         4


Dungeon Overview and Level Annotations

Branches:
Dungeon (3/15)

Altars:

Annotations:
D:3 Ijyb, Jessica


Message History

Memorise Call Canine Familiar, consuming 3 spell levels and leaving 3?
You start memorising the spell.
You continue memorising. x3
You finish memorising.
Spell assigned to 'b'.
Memorise Call Imp, consuming 2 spell levels and leaving 1?
You start memorising the spell.
You continue memorising. x2
You finish memorising.
Spell assigned to 'c'.
Ijyb the Twisted Goblin comes into view.
She is wielding a +0 dagger and carrying a wand of light (5).
Ijyb is nearby!
Casting: Summon Small Mammal (safe; 2% risk of failure)
Confirm with . or Enter, or press ? or * to list all spells.
The spell is quite dangerous to miscast (8% risk of failure)!
Continue anyway?
Casting: Call Canine Familiar (quite dangerous; 8% risk of failure)
Confirm with . or Enter, or press ? or * to list all spells.
A tiny devil pulls itself out of the air.
Ijyb zaps a wand.
The bolt of light hits your hound!
The bolt of light hits your cerulean imp!
Your cerulean imp dies!
Your cerulean imp disappears in a puff of smoke!
The bolt of light hits you!
Ijyb zaps a wand.
The bolt of light hits your hound!
Your hound dies!
Your hound's corpse disappears in a puff of smoke!
The bolt of light hits you!
Ouch! That really hurt!
* * * LOW HITPOINT WARNING * * *
You are too injured to fight recklessly!
You are too injured to fight recklessly!
Unknown command.
Okay, then.
Casting: Call Imp (safe; 3% risk of failure)
Confirm with . or Enter, or press ? or * to list all spells.
Your bat misses Ijyb. Your bat hits Ijyb.
Ijyb hits your bat but does no damage.
Your bat closely misses Ijyb.
Your bat closely misses Ijyb.
Ijyb zaps a wand.
The bolt of light hits your bat!
Your bat dies!
Your bat's corpse disappears in a puff of smoke!
The bolt of light hits you!
Ouch! That really hurt!
You die...

....#...........##
#.#
###.##..######.##
#.#
...............#
#.#
###.#..#########
#.# #.#.## #.#
#.#.# #.# #...#
#.# #..##
#############.#
#.##
#.g.ยง..@......#
..#
#.#############
####.....# #.....#
........#
###...... #....^#
#.....# ......#


You could see Ijyb.

Vanquished Creatures
  A dart slug (D:1)
  3 ball pythons
  5 bats
  An endoplasm (D:1)
  A giant cockroach (D:2)
  3 goblins
  A hobgoblin (D:1)
  A jackal (D:3)
  3 kobolds
  3 quokkas (D:1)
  3 frilled lizards (D:2)
  5 rats
30 creatures vanquished.

Vanquished Creatures (collateral kills)
  A bat (D:1)
  A giant cockroach (D:2)
  A hobgoblin (D:1)
  2 jackals (D:3)
  A kobold (D:1)
  A rat (D:2)
7 creatures vanquished.

Grand Total: 37 creatures vanquished

Notes
Turn   | Place    | Note
-------+----------+-------------------------------------------
     0 | D:1      | ChadusMaximus the Human Summoner began the quest for the
                  | Orb.
     0 | D:1      | Reached XP level 1. HP: 13/13 MP: 3/3
   206 | D:1      | Reached XP level 2. HP: 15/19 MP: 1/5
   399 | D:1      | Reached XP level 3. HP: 7/24 MP: 1/6
   742 | D:2      | You fall into a shaft and drop 1 floor!
   771 | D:3      | Noticed Jessica
   772 | D:3      | Noticed an ogre
  1546 | D:3      | Learned a level 3 spell: Call Canine Familiar
  1549 | D:3      | Learned a level 2 spell: Call Imp
  1634 | D:3      | Noticed Ijyb
  1637 | D:3      | HP: 1/24 [Ijyb/bolt of light (12)]
  1644 | D:3      | Killed from afar by Ijyb

Illustrated notes

Levels and vault maps discovered:
D:1:      spicycebolla_arrival_xxxplode, layout_rooms, serial_bayou_lagoon_a
D:2:      layout_basic, st_stairs_12, roderic_malta_cross,
          chequers_decorated_corner
D:3:      minmay_wonky_spiral, layout_basic, nicolae_qazlal_style_of_elements,
          serial_shops, nicolae_shop_hallway_plus,
          nicolae_concentric_dashed_squares_wild, uniq_jessica, uniq_ijyb

Action                     || total
---------------------------++-------
  Melee: Mace              ||   120
   Cast: Summon Small Mamm ||    25
         Call Imp          ||     1
         Call Canine Famil ||     1
    Use: Scroll            ||     2
   Stab: Sleeping          ||     4
 Armour: Robe              ||    48
  Dodge: Dodged            ||   144
